 Seeded DCSS version 0.29.1-13-g9f3cf754e1 (webtiles) character file.

Game seed: 18334199546629406935 (custom seed)

111930 mathmaestro the Lord of Darkness (level 16, 0/138 HPs)
             Began as a Demonspawn Necromancer on Jan 25, 2023.
             Was the Champion of Kikubaaqudgha.
             Killed from afar by Fekhly's ghost (27 damage)
             ... with a blast of rock fragments
             ... on level 15 of the Dungeon on Jan 26, 2023.
             The game lasted 01:54:17 (32044 turns).

mathmaestro the Lord of Darkness (DsNe)            Turns: 32044, Time: 01:54:18

Health: 0/138      AC: 16    Str: 15    XL:     16   Next: 10%
Magic:  0/32       EV: 14    Int: 24    God:    Kikubaaqudgha [******]
Gold:   2230       SH: 11    Dex: 18    Spells: 8/39 levels left

rFire   + . .      SeeInvis +   L - +10 lance "Wyrmbane" {slay drac, rPois rF+ rC+ AC+3}
rCold   + . .      Faith    .   a - +0 buckler
rNeg    . . .      Spirit   +   d - +2 robe {Archmagi}
rPois   +          Reflect  +   (helmet restricted)
rElec   +          Harm     .   t - +0 cloak
rCorr   .          Rampage  .   l - +0 pair of gloves
Will    +....      Archmagi +   P - +2 pair of boots "Iffuwkof" {rElec Dex+4}
Stlth   +++.......              f - amulet of reflection
HPRegen 0.33/turn               g - +6 ring of strength
MPRegen 0.46/turn               I - ring of see invisible

@: no status effects
A: antennae 2, rugged brown scales 3, powered by death 3, magic shield, magic
regeneration
a: Renounce Religion, Unearth Wretches, Torment


You were on level 15 of the Dungeon.
You worshipped Kikubaaqudgha.
Kikubaaqudgha was exalted by your worship.
You visited 3 branches of the dungeon, and saw 22 of its levels.
You also visited: Sewer and Bailey.

You collected 2417 gold pieces.
You spent 187 gold pieces at shops.

Inventory:

Hand Weapons
 L - the +10 lance "Wyrmbane" (weapon) {slay drac, rPois rF+ rC+ AC+3}
   (You took it off Maggie on level 10 of the Dungeon)

   It inflicts extra damage against dragons and draconians.
   AC:        It affects your AC (+3).
   rF:        It protects you from fire.
   rC:        It protects you from cold.
   rPois:     It protects you from poison.
Missiles
 s - 10 silver boomerangs
 A - 9 javelins
 E - 34 boomerangs (quivered)
 U - a throwing net
Armour
 a - a +0 buckler (worn)
 d - a +2 robe of the Archmagi (worn)
 l - a +0 pair of gloves (worn)
 t - a +0 cloak (worn)
 P - the +2 pair of boots "Iffuwkof" (worn) {rElec Dex+4}
   (You acquired it on level 10 of the Dungeon)

   Dex:       It affects your dexterity (+4).
   rElec:     It insulates you from electricity.
Jewellery
 f - an amulet of reflection (around neck)
 g - a +6 ring of strength (left hand)
 F - a ring of protection from cold
 I - a ring of see invisible (right hand)
Wands
 e - a wand of roots (26)
 q - a wand of polymorph (9)
 r - a wand of charming (14)
 x - a wand of mindburst (4)
 y - a wand of digging (6)
 N - a wand of light (14)
 R - a wand of flame (17)
Scrolls
 j - 9 scrolls of fog
 k - 7 scrolls of teleportation
 m - 6 scrolls of magic mapping
 o - 3 scrolls of fear
 D - a scroll of silence
 J - 4 scrolls of poison
 K - 4 scrolls of identify
 M - 7 scrolls of blinking
 O - a scroll of summoning
 Q - 2 scrolls of brand weapon
Potions
 b - 3 potions of magic
 c - 6 potions of curing
 h - 6 potions of haste
 i - 6 potions of might
 n - 2 potions of brilliance
 p - 4 potions of flight
 u - 8 potions of heal wounds
 v - 5 potions of cancellation
 w - 6 potions of mutation
 z - 6 potions of invisibility
 B - 2 potions of berserk rage
 C - 3 potions of lignification
 G - a potion of ambrosia
 H - 3 potions of resistance
Miscellaneous
 T - a piece from Xom's chessboard (15/15)
 V - a box of beasts


   Skills:
 + Level 12.8 Fighting
 + Level 8.8 Polearms
 - Level 5.0 Armour
 - Level 5.0 Dodging
 - Level 5.0 Stealth
 - Level 5.0 Shields
 + Level 12.0 Spellcasting
 - Level 6.0 Hexes
 + Level 14.5 Necromancy
 - Level 3.0 Translocations
 + Level 7.7 Ice Magic
 - Level 7.0 Earth Magic
 - Level 5.0 Evocations


You had 8 spell levels left.
You knew the following spells:

 Your Spells              Type           Power      Damage    Failure   Level
a - Necrotise             Necr           100%       1d9       0%          1
b - Vampiric Draining     Necr           90%        2d12      1%          3
c - Animate Dead          Necr           90%        N/A       1%          4
d - Sublimation of Blood  Necr           90%        N/A       1%          2
e - Anguish               Hex/Necr       38%        N/A       1%          4
f - Dispel Undead         Necr           90%        3d29      1%          4
g - Simulacrum            Ice/Necr       40%        N/A       9%          6
h - Blink                 Tloc           86%        N/A       2%          2
i - Borgnjor's Vile Clut  Necr/Erth      39%        N/A       1%          5

Your spell library contained the following spells:

 Spells                   Type           Power      Damage    Failure   Level
 Freeze                   Ice            100%       1d11      1%          1
 Slow                     Hex            100%       N/A       1%          1
 Passwall                 Tmut/Erth      38%        N/A       1%          2
 Confusing Touch          Hex            60%        N/A       1%          3
 Frozen Ramparts          Ice            100%       1d16      1%          3
 Agony                    Necr           90%        N/A       1%          5
 Portal Projectile        Hex/Tloc       100%       N/A       2%          3
 Death Channel            Necr           45%        N/A       2%          6
 Leda's Liquefaction      Hex/Erth       31%        N/A       3%          4
 Dazzling Flash           Conj/Hex       86%        N/A       4%          3
 Lesser Beckoning         Tloc           43%        N/A       4%          3
 Magic Dart               Conj           84%        1d7       5%          1
 Corpse Rot               Necr/Pois/Air  54%        N/A       8%          4
 Poisonous Vapours        Pois/Air       42%        N/A       9%          2
 Searing Ray              Conj           42%        2d6       9%          2
 Metabolic Englaciation   Hex/Ice        31%        N/A       9%          5
 Hailstorm                Conj/Ice       49%        3d11      11%         4
 Ice Form                 Ice/Tmut       49%        N/A       11%         4
 Petrify                  Tmut/Erth      46%        N/A       13%         4
 Call Canine Familiar     Summ           21%        N/A       16%         3
 Conjure Flame            Conj/Fire      21%        6-21      16%         3
 Ignite Poison            Fire/Tmut/Pois 21%        N/A       16%         3
 Mephitic Cloud           Conj/Pois/Air  21%        N/A       16%         3
 Fulminant Prism          Conj/Hex       21%        3d13      16%         4
 Iskenderun's Mystic Bla  Conj/Tloc      32%        2d8       28%         4
 Manifold Assault         Tloc           43%        N/A       41%         5
 Summon Mana Viper        Hex/Summ       43%        N/A       41%         5
 Freezing Cloud           Conj/Ice/Air   20%        6-21      45%         5
 Sticky Flame             Conj/Fire      21%        2d4       47%         4
 Summon Forest            Summ/Tloc      16%        N/A       63%         5
 Borgnjor's Revivificati  Necr           45%        N/A       67%         8
 Infestation              Necr           45%        N/A       67%         8
 Iron Shot                Conj/Erth      23%        9d5       89%         6
 Statue Form              Tmut/Erth      30%        N/A       89%         6
 Haunt                    Necr/Summ      32%        N/A       93%         7
 Starburst                Conj/Fire      10%        6d5       100%        6
 Summon Cactus Giant      Summ           10%        N/A       100%        6
 Necromutation            Tmut/Necr      32%        N/A       100%        8
 Death's Door             Necr           45%        N/A       100%        9


Dungeon Overview and Level Annotations

Branches:
Dungeon (15/15)            Temple (0/1) D:7            Lair (5/5) D:11
 Shoals (0/4) Lair:3        Snake (0/4) Lair:2        Slime (0/5) Lair:5
    Orc (2/2) D:9             Elf (0/3) Orc:2        Vaults (0/5) D:13
 Depths (0/4) D:15          Sewer (visited)          Bailey (visited)

Altars:
Kikubaaqudgha
Qazlal
Trog
Jiyva

Shops:
Orc:2 ([([

Annotations:
D:9 exclusion: orange crystal statue
D:15 Fekhly's ghost, adept GrEE


Innate Abilities, Weirdness & Mutations

You have a pair of antennae on your head.
You are completely covered in rugged brown scales. (AC +3, +7% HP)
You regenerate a lot of health from kills.
When hurt, damage is shared between your health and your magic reserves.
You regenerate magic rapidly.


Message History

The seven-headed hydra bites you.
The seven-headed hydra is wracked by anguish.
The seven-headed hydra bites you!
The seven-headed hydra is wracked by anguish!
The seven-headed hydra dies!
Kikubaaqudgha accepts your kill.
The storm dragon escapes!
The efreet struggles to escape constriction.
Unknown command.
Unknown command.
Unknown command.
Casting: Borgnjor's Vile Clutch (mildly dangerous; 1% risk of failure)
Confirm with . or Enter, or press ? or * to list all spells.
Aiming: Dispel Undead (safe; 1% risk of failure)
Press: ? - help, Shift-Dir - straight line, f - Fekhly's ghost, p - storm dragon
Aim: Fekhly's ghost, wielding a weapon of flaming (100% to hit)
You feel a surge of power!
Fekhly's ghost is dispelled!!!
The zombie hands constrict the efreet!
The storm dragon changes into a minotaur!
Fekhly's ghost closely misses you.
The efreet struggles to escape constriction.
Unknown command.
Casting: Dispel Undead (safe; 1% risk of failure)
Confirm with . or Enter, or press ? or * to list all spells.
You don't have enough magic to cast this spell.
Unknown command.
Unknown command.
The zombie hands constrict the efreet!
The efreet escapes!
Fekhly's ghost points at you and mumbles some strange words.
The stone arrow reflects off an invisible shield around you!
The stone arrow misses Fekhly's ghost.
Fekhly's ghost points at you and mumbles some strange words.
The stone arrow hits you!!
* * * LOW HITPOINT WARNING * * *
Kikubaaqudgha accepts your kill.
You feel a bit more experienced.
Fekhly's ghost casts a spell next to you.
The wall shatters!
The blast of rock fragments hits you!!
You die...
Kikubaaqudgha rasps: "You have failed me!
Welcome... death!"

...................(..+.........'
##Z{.##########.......#..........
###{#### ###.#.####.........
#...{Z.# ##.##.# #..#######
#.#.##.# #.#...# #..#......
#.#.##.# ##(#### #..#...#.$
#.#.##.# #.# ##..'..#.#!
#.#...Z#### ##)## #...'.....!
#.###..ZZ.# ##.@.## #.○°'..#.#:
#.# #..##Z####.###.####...#.°.#.$
#.###.....Z.§§.# #..W○○o..#o.....
#.....≈..≈(§§..###.##o##..#######
###§§..≈§§≈≈......###.##.........
....≈.#§§≈≈≈#.≈.#.# #............
#...§≈≈§§.≈≈§≈....# #######......
##..≈≈≈≈.§.≈§≈≈..## #.#####
#...#≈≈.>.≈≈#§..# #.#


You could see an orc knight and Fekhly's ghost.

Vanquished Creatures
  Kirke (D:14)
  A shadow dragon (D:14)
  2 orc warlords
  A stone giant (D:15)
  The ghost of Vext the Imperceptible, a journeyman SpEn of Gozag (D:13)
  An ettin (D:12)
  Josephine (Lair:5)
  3 boulder beetles
  7 hydras
  A rakshasa (D:15)
  A catoblepas (D:14)
  An ogre mage (D:15)
  3 two-headed ogres
  A tengu warrior (D:12)
  An anaconda (shapeshifter) (D:12)
  An orc high priest (Orc:2)
  A deep troll earth mage (D:14)
  Nergalle (Lair:2)
  A flayed ghost (D:12)
  Amaemon (Lair:1)
  A death drake (shapeshifter) (D:14)
  2 orc knights (Orc:2)
  2 deep elf pyromancers
  An orc sorcerer (Orc:2)
  9 ugly things
  8 cyclopes
  2 oklob plants
  3 manticores
  An elephant (Lair:4)
  6 cane toads
  5 black mambas
  The ghost of mathmaestro the Lord of Darkness, a novice DsNe of Kikubaaqudgha (D:4)
  2 gargoyles (D:12)
  Maggie (D:10)
  An unseen horror (D:11)
  An efreet (D:13)
  A kobold demonologist (D:12)
  3 komodo dragons
  5 rime drakes
  A freezing wraith (D:15)
  9 trolls
  A hornet (D:9)
  5 polar bears
  4 slime creatures (D:12)
  A blink frog (Lair:5)
  2 dream sheep (Lair:5)
  A shadow (D:10)
  10 spriggans (Lair:5)
  Sigmund (D:6)
  3 vampires (D:12)
  9 wraiths
  4 wyverns
  4 hogs (D:14)
  28 yaks
  2 basilisks
  4 humans (D:13)
  3 steam dragons
  3 wargs
  7 vampire mosquitoes
  A naga (Lair:2)
  18 water moccasins
  29 orc warriors
  An ice beast (D:6)
  A sky beast (D:7)
  23 wolves
  10 ogres
  3 black bears
  9 centaurs
  5 boggarts
  A kobold brigand (D:8)
  2 phantoms
  A necrophage (D:8)
  9 bullfrogs
  A gnoll sergeant (D:7)
  3 scorpions
  A wight (D:8)
  2 troll zombies (D:9)
  7 killer bees
  2 howler monkeys (D:12)
  3 electric eels
  A jelly (D:4)
  5 hounds
  15 orc priests
  2 iguanas
  24 orc wizards
  4 ogre zombies (D:9)
  A river rat (Sewer)
  11 adders
  16 gnolls
  2 shadow imps (D:6)
  2 white imps (D:6)
  4 ufetubi
  2 worms
  2 dart slugs
  71 orcs
  9 endoplasms
  2 giant cockroaches
  6 goblins
  5 hobgoblins
  3 quokkas
  16 ball pythons
  4 bats
  A frilled lizard (Sewer)
  A goblin skeleton (D:9)
  4 goblin zombies (D:9)
  2 hobgoblin skeletons (D:9)
  A hobgoblin zombie (D:9)
  19 kobolds
  An orc skeleton (D:9)
  9 orc zombies (D:9)
  20 rats
  A bush (Lair:2)
586 creatures vanquished.

Vanquished Creatures (collateral kills)
  A sphinx (D:12)
  Frances (D:14)
  A vault guard (D:13)
  4 hydras
  Erica (Lair:1)
  2 boulder beetles
  A two-headed ogre (D:15)
  A centaur warrior (D:14)
  4 ugly things (D:14)
  2 manticores
  2 cyclopes
  7 elephants
  A black mamba (Lair:4)
  A guardian serpent (D:13)
  2 cane toads
  An orange demon (Lair:1)
  A gargoyle (D:11)
  A rime drake (Lair:3)
  2 komodo dragons
  4 hornets
  3 slime creatures (D:14)
  3 dream sheep (Lair:5)
  3 blink frogs (Lair:5)
  4 spriggans (Lair:5)
  11 yaks
  2 wyverns
  3 humans (D:13)
  2 basilisks
  A hog (D:14)
  A wraith (Lair:5)
  3 water moccasins
  2 acid dragons
  3 orc warriors (Orc:2)
  A swamp drake (D:11)
  A black bear (Lair:5)
  3 ogres
  8 wolves
  4 centaurs
  2 phantoms (D:9)
  2 kobold brigands
  3 bullfrogs
  An electric eel (D:12)
  2 orc priests (Orc:2)
  6 orc wizards
  9 orcs
  4 ball pythons
  A frilled lizard (Sewer)
  9 kobolds
  An orc skeleton (D:9)
  8 rats
146 creatures vanquished.

Vanquished Creatures (others)
  A tengu reaver (D:12)
  A storm dragon (D:12)
  A frost giant (D:12)
  An ettin (D:12)
  Erolcha (D:10)
  A catoblepas (Lair:1)
  4 vault guards (D:13)
  A centaur warrior (D:13)
  4 hydras
  3 two-headed ogres
  4 ugly thing zombies (D:14)
  A deep elf pyromancer (D:14)
  A stone giant zombie (D:15)
  3 ugly things
  A manticore (D:12)
  5 elephants (Lair:4)
  4 centaur zombies (D:13)
  A cane toad (Lair:4)
  3 gargoyles (D:12)
  A human zombie (D:14)
  An efreet (D:15)
  A troll (D:9)
  2 polar bears
  2 hydra zombies
  2 hornets
  A guardian serpent zombie (D:13)
  A boulder beetle zombie (D:9)
  A blink frog (Lair:5)
  2 dream sheep (Lair:5)
  A vampire (D:12)
  A wraith (D:12)
  8 yaks
  A vampire mosquito (D:11)
  A naga (Lair:2)
  An acid dragon (D:12)
  A water moccasin (shapeshifter) (D:10)
  A two-headed ogre zombie (D:12)
  An ogre (D:6)
  4 orc warriors
  An elephant zombie (Lair:4)
  4 hog zombies (D:14)
  2 wolves
  2 rime drake zombies
  2 centaurs (D:13)
  A kobold brigand (D:8)
  A komodo dragon zombie (Lair:5)
  A cyclops zombie (D:12)
  A gnoll sergeant (D:9)
  A wyvern zombie (Lair:4)
  A water moccasin zombie (D:10)
  A troll zombie (D:12)
  3 wights (D:8)
  2 killer bees (D:8)
  A polar bear zombie (Lair:5)
  A spriggan zombie (Lair:5)
  11 yak zombies
  2 electric eels (D:10)
  6 wolf zombies
  2 orc priests
  2 bullfrog zombies
  A boggart zombie (D:14)
  3 orc wizards
  2 naga zombies (Lair:2)
  3 ogre zombies (Orc:2)
  A howler monkey zombie (D:12)
  3 gnolls (D:9)
  2 adder zombies (Sewer)
  8 orcs
  A goblin (Bailey)
  2 kobolds
  A ball python zombie (Sewer)
  12 gnoll zombies
  2 goblin zombies (Bailey)
  11 kobold zombies
  37 orc zombies
  47 fungi
  93 plants
352 creatures vanquished.

Grand Total: 1084 creatures vanquished

Notes
Turn   | Place    | Note
-------+----------+-------------------------------------------
     0 | D:1      | mathmaestro the Demonspawn Necromancer began the quest for
                  | the Orb.
     0 | D:1      | Reached XP level 1. HP: 13/13 MP: 3/3
   515 | D:1      | Gained mutation: You are partially covered in rugged brown
                  | scales. (AC +1, +3% HP) [demonic ancestry]
   515 | D:1      | Reached XP level 2. HP: 14/20 MP: 0/5
   894 | D:1      | You fall into a shaft and drop 1 floor!
  1542 | D:2      | Reached skill level 1 in Fighting
  1542 | D:2      | Reached XP level 3. HP: 26/26 MP: 0/6
  2093 | D:2      | Learned a level 3 spell: Vampiric Draining
  2154 | D:2      | Gained mutation: You have a pair of small antennae on your
                  | head. [demonic ancestry]
  2154 | D:2      | Reached XP level 4. HP: 2/32 MP: 0/7
  2451 | D:2      | Learned a level 4 spell: Animate Dead
  2503 | D:3      | Found a glowing drain.
  2560 | D:3      | Found a faded altar of an unknown god.
  2597 | Sewer    | Entered a sewer
  3069 | Sewer    | Reached XP level 5. HP: 39/39 MP: 6/9
  3115 | Sewer    | Reached skill level 5 in Necromancy
  3130 | Sewer    | Gained mutation: You regenerate magic rapidly. [demonic
                  | ancestry]
  3130 | Sewer    | Reached XP level 6. HP: 29/46 MP: 0/10
  4091 | D:4      | Found a runed translucent door.
  4614 | D:4      | Found an ancient bone altar of Kikubaaqudgha.
  4621 | D:4      | Became a worshipper of Kikubaaqudgha
  4754 | D:4      | Noticed mathmaestro's ghost (novice DsNe)
  4781 | D:5      | Entered Level 5 of the Dungeon
  4818 | D:5      | Gained mutation: You regenerate a little health from kills.
                  | [demonic ancestry]
  4818 | D:5      | Reached XP level 7. HP: 53/53 MP: 12/12
  5233 | D:5      | Noticed a troll
  6210 | D:5      | Killed a troll
  6211 | D:5      | Reached skill level 6 in Necromancy
  6421 | D:6      | Reached XP level 8. HP: 55/61 MP: 7/14
  6535 | D:6      | Noticed Sigmund
  6555 | D:6      | Reached * piety under Kikubaaqudgha
  6555 | D:6      | Received a gift from Kikubaaqudgha
  6572 | D:5      | Learned a level 2 spell: Sublimation of Blood
  6577 | D:5      | Learned a level 4 spell: Anguish
  6810 | D:6      | Killed Sigmund
  6811 | D:6      | Reached skill level 5 in Stealth
  6811 | D:6      | Reached skill level 1 in Hexes
  6993 | D:6      | Reached skill level 5 in Spellcasting
  6993 | D:6      | Reached skill level 7 in Necromancy
  7345 | D:7      | Found a flagged portal.
  7354 | D:7      | Reached skill level 5 in Fighting
  7354 | D:7      | Reached skill level 5 in Dodging
  7359 | Bailey   | Entered a bailey
  7402 | Bailey   | Noticed an orc warlord
  7406 | Bailey   | Gained mutation: You regenerate health from kills. [demonic
                  | ancestry]
  7406 | Bailey   | Reached XP level 9. HP: 56/70 MP: 11/16
  7475 | Bailey   | Found a runed translucent gate.
  7477 | Bailey   | Found a runed translucent gate.
  7659 | Bailey   | Found a runed translucent gate.
  7823 | Bailey   | Reached ** piety under Kikubaaqudgha
  8042 | Bailey   | HP: 2/70 [orc warlord/+6 battleaxe (33)]
  8045 | Bailey   | Killed an orc warlord
  8046 | Bailey   | Reached skill level 8 in Necromancy
  8356 | Bailey   | Acquired a book of the Tundra
  8479 | D:7      | Found a staircase to the Ecumenical Temple.
  8687 | D:7      | Found a stormy altar of Qazlal.
  9713 | D:8      | Gained mutation: You have a pair of antennae on your head.
                  | [demonic ancestry]
  9713 | D:8      | Reached XP level 10. HP: 79/79 MP: 11/19
 10224 | D:8      | Reached *** piety under Kikubaaqudgha
 10224 | D:8      | Received a gift from Kikubaaqudgha
 10255 | D:8      | Learned a level 4 spell: Dispel Undead
 10277 | D:8      | Reached skill level 5 in Hexes
 10716 | D:9      | Reached skill level 9 in Necromancy
 10857 | D:9      | Found a staircase to the Orcish Mines.
 10863 | D:9      | Reached **** piety under Kikubaaqudgha
 10882 | D:9      | Reached skill level 1 in Shields
 11350 | D:9      | Noticed an orange crystal statue
 11368 | D:9      | Noticed a manticore
 11368 | D:9      | Noticed a five-headed hydra
 11369 | D:9      | Noticed an eight-headed hydra
 11370 | D:9      | Noticed a white ugly thing
 11372 | D:9      | Noticed a two-headed ogre
 11372 | D:9      | Noticed a five-headed hydra
 11375 | D:9      | Noticed a boulder beetle
 11387 | D:9      | Killed a boulder beetle
 11395 | D:9      | Killed a white ugly thing
 11712 | D:9      | Killed a manticore
 11750 | D:9      | Killed a five-headed hydra
 11751 | D:9      | Reached skill level 10 in Necromancy
 11751 | D:9      | Gained mutation: When hurt, damage is shared between your
                  | health and your magic reserves. [demonic ancestry]
 11751 | D:9      | Reached XP level 11. HP: 52/88 MP: 13/22
 11960 | D:9      | Reached ***** piety under Kikubaaqudgha
 12044 | D:9      | Killed a two-headed ogre
 12097 | D:9      | Got Doxann's Folio of Earth and the Snake
 12099 | D:9      | Identified the +7 shortbow "Naitilog" {freeze, rPois Str+2
                  | Stlth-}
 12099 | D:9      | Identified the ring "Emomn" {rPois rF+ Str-2 Dex+3}
 12223 | D:9      | Killed a five-headed hydra
 12579 | D:9      | Learned a level 6 spell: Simulacrum
 12582 | D:9      | Learned a level 2 spell: Blink
 12583 | D:10     | Entered Level 10 of the Dungeon
 12586 | D:10     | Noticed Maggie
 12599 | D:10     | Killed Maggie
 12847 | D:10     | Reached skill level 1 in Ice Magic
 12850 | D:10     | Reached skill level 1 in Polearms
 12850 | D:10     | Reached skill level 1 in Translocations
 13245 | D:10     | Noticed Erolcha
 13257 | D:10     | Killed Erolcha
 13748 | D:10     | Acquired the +2 pair of boots "Iffuwkof" {rElec Dex+4}
 14101 | D:11     | Noticed a six-headed hydra
 14108 | D:11     | Killed a six-headed hydra
 14109 | D:11     | Reached skill level 1 in Armour
 14109 | D:11     | Reached skill level 5 in Shields
 14191 | D:11     | Reached skill level 11 in Necromancy
 14262 | D:11     | Reached XP level 12. HP: 71/97 MP: 15/24
 14655 | D:11     | Found a staircase to the Lair.
 15364 | Lair:1   | Entered Level 1 of the Lair of Beasts
 15375 | Lair:1   | Noticed a catoblepas
 15387 | Lair:1   | Killed a catoblepas
 15702 | Lair:1   | Noticed Erica
 15788 | Lair:1   | Noticed Amaemon
 15800 | Lair:1   | Killed Amaemon
 15919 | Lair:1   | Found the +3 greatsling "Punk" {acid, rCorr}
 16547 | Lair:1   | Killed Erica
 16839 | Lair:2   | Reached skill level 10 in Fighting
 16930 | Lair:2   | Found a staircase to the Snake Pit.
 16932 | Lair:2   | Noticed a boulder beetle
 16951 | Lair:2   | Killed a boulder beetle
 17153 | Lair:2   | Reached ****** piety under Kikubaaqudgha
 17171 | Lair:2   | Reached skill level 1 in Evocations
 17202 | Lair:2   | Gained mutation: You are mostly covered in rugged brown
                  | scales. (AC +2, +5% HP) [demonic ancestry]
 17202 | Lair:2   | Reached XP level 13. HP: 99/108 MP: 26/26
 17212 | Lair:2   | Noticed Nergalle
 17424 | Lair:2   | Killed Nergalle
 17604 | Lair:2   | Received a gift from Kikubaaqudgha
 18234 | Lair:3   | Reached skill level 12 in Necromancy
 18309 | Lair:3   | Found a staircase to the Shoals.
 18994 | Lair:4   | Reached skill level 5 in Polearms
 19043 | Lair:4   | Reached skill level 5 in Ice Magic
 19196 | Lair:4   | Reached skill level 10 in Spellcasting
 19433 | Lair:4   | Got the Quarto of the Caves
 19440 | Lair:4   | Learned a level 5 spell: Borgnjor's Vile Clutch
 19927 | Lair:5   | Entered Level 5 of the Lair of Beasts
 19941 | Lair:5   | Reached skill level 5 in Armour
 19941 | Lair:5   | Reached skill level 1 in Earth Magic
 20041 | Lair:5   | Found a viscous altar of Jiyva.
 20041 | Lair:5   | Found a staircase to the Slime Pits.
 20373 | Lair:5   | Gained mutation: You regenerate a lot of health from kills.
                  | [demonic ancestry]
 20373 | Lair:5   | Reached XP level 14. HP: 83/116 MP: 8/28
 20769 | Lair:5   | Noticed Josephine
 20779 | Lair:5   | Killed Josephine
 21966 | D:4      | Killed mathmaestro's ghost
 22638 | D:12     | Reached skill level 5 in Evocations
 22718 | D:12     | Reached skill level 5 in Earth Magic
 22727 | D:12     | Reached skill level 13 in Necromancy
 23159 | D:12     | Noticed a tengu reaver
 23176 | D:12     | Killed a tengu reaver
 24230 | D:12     | Noticed a frost giant
 24244 | D:12     | Killed a frost giant
 24333 | D:12     | Noticed a storm dragon
 24346 | D:12     | Killed a storm dragon
 24362 | D:12     | Gained mutation: You are completely covered in rugged brown
                  | scales. (AC +3, +7% HP) [demonic ancestry]
 24362 | D:12     | Reached XP level 15. HP: 85/128 MP: 0/30
 24872 | D:12     | Noticed a sphinx
 24880 | D:12     | Killed a sphinx
 25483 | Orc:1    | Entered Level 1 of the Orcish Mines
 25558 | Orc:1    | Found a bloodstained altar of Trog.
 25816 | Orc:2    | Entered Level 2 of the Orcish Mines
 26157 | Orc:2    | Found Neseana's Weapon Shoppe.
 26358 | Orc:2    | Found a staircase to the Elven Halls.
 26821 | Orc:2    | Found Codghiet's Antique Armour Shop.
 26999 | Orc:2    | Noticed an orc warlord
 27094 | Orc:2    | Paralysed by an orc sorcerer for 2 turns
 27102 | Orc:2    | Paralysed by an orc sorcerer for 2 turns
 27117 | Orc:2    | Killed an orc warlord
 27291 | Orc:2    | Found Zarie's Antique Weapon Shop.
 27293 | Orc:2    | Found Assaneatz's Antique Armour Boutique.
 27306 | Orc:2    | Bought a pair of glowing gloves for 187 gold pieces
 28472 | D:13     | Found a runed translucent door.
 28474 | D:13     | Noticed Vext's ghost (journeyman SpEn)
 28480 | D:13     | Killed Vext's ghost
 29182 | D:13     | Identified the +9 broad axe "Peown" {vorpal, SInv}
 29187 | D:13     | Found a gate to the Vaults.
 29196 | D:13     | Identified the +6 plate armour of Nakacw {rElec rF- Str+8
                  | Dex-4}
 29319 | D:14     | Reached skill level 14 in Necromancy
 29452 | D:14     | Noticed Frances
 29466 | D:14     | Killed Frances
 29478 | D:14     | Your ally Frances died
 29485 | D:14     | Noticed Kirke
 29498 | D:14     | Killed Kirke
 30255 | D:14     | Noticed a shadow dragon
 30272 | D:14     | Killed a shadow dragon
 30733 | D:15     | Entered Level 15 of the Dungeon
 30757 | D:15     | Found a staircase to the Depths.
 30860 | D:15     | Reached XP level 16. HP: 136/138 MP: 22/31
 31164 | D:15     | Found a runed translucent gate.
 31166 | D:15     | Found a runed translucent gate.
 31166 | D:15     | Found a runed translucent gate.
 31174 | D:15     | Noticed Fekhly's ghost (adept GrEE)
 32018 | D:15     | Noticed a quicksilver dragon
 32020 | D:15     | a quicksilver dragon changed into a dire elephant
 32038 | D:15     | Noticed a storm dragon
 32038 | D:15     | a death yak changed into a storm dragon
 32041 | D:15     | a storm dragon changed into a minotaur
 32044 | D:15     | Killed from afar by Fekhly's ghost

Illustrated notes

Levels and vault maps discovered:
D:1:      shiori_shiawase, layout_loops_ring, st_stairs_7
D:2:      layout_basic, minmay_large_rounded_square
D:3:      layout_basic, portal_sewer_entry_a, hellmonk_ecumenical_altar_blasted
D:4:      layout_loops_corners, kiku_gazebo_garden_becter, ebering_ghost_sewer_d
D:5:      layout_basic
D:6:      layout_cave_pools, serial_demonic, serial_demonic_b, serial_demonic_c,
          serial_demonic_d, serial_demonic_g, uniq_sigmund
D:7:      layout_basic, lemuel_coloured_pillars_altar,
          minmay_temple_entry_mini_moons, enter_bailey_2
D:8:      layout_loops_ring
D:9:      minmay_the_grid_triangle_9x9_recursive_2_mashed
          [minmay_the_grid_triangle_9x9_prize_top_heavy,
          minmay_the_grid_triangle_9x9_limited_checkers,
          minmay_the_grid_triangle_9x9_corruption,
          minmay_the_grid_triangle_9x9_dagger], layout_cave_pools,
          zombieorc1_lemuel, minmay_protected_statue
D:10:     kennysheep_steamy, layout_loops_ring, chequers_big_river,
          uniq_erolcha, uniq_maggie
D:11:     layout_basic, erik_lair_dragon, lemuel_nasty_fountain
D:12:     nzn_winding_woodlands_huge [nzn_winding_woodlands_5x15_garden,
          nzn_winding_woodlands_5x15_cabin, nzn_winding_woodlands_5x15_pockets,
          nzn_winding_woodlands_5x15_concentric,
          nzn_winding_woodlands_5x15_twine, nzn_winding_woodlands_5x15_zeroes,
          nzn_winding_woodlands_5x15_pool, nzn_winding_woodlands_5x15_jagged,
          nzn_winding_woodlands_5x15_lazy_stream,
          nzn_winding_woodlands_5x15_river_crossing,
          nzn_winding_woodlands_center_pierced_h,
          nzn_winding_woodlands_center_lodge,
          nzn_winding_woodlands_15x15_boxy_spiral], layout_basic,
          minmay_misc_feat_square
D:13:     layout_layer_cave, ximxim_vaults_locker_room,
          hellmonk_ghost_happy_afterlife, nrook_guardian_serpent_ordinary
D:14:     layout_irregular_city, chequers_serial_rivers_large_a, wad_dig_loot,
          uniq_frances, uniq_kirke
D:15:     grunt_enter_depths_giant_problem, layout_loops_corners,
          gammafunk_ghost_split
Lair:1:   minmay_lair_oklob_chamber, layout_regular_city,
          infiniplex_staircase_pool_2, lemuel_fruit_tree, grunt_megastairs_1,
          uniq_erica, uniq_amaemon
Lair:2:   beast_lair_carwin_large_1, layout_loops_ring,
          minmay_snake_entry_guardpost_small, uniq_nergalle
Lair:3:   layout_chaotic_city, minmay_shoals_entry_centaurs,
          chequers_serial_rivers_large_b, minivault_24,
          nicolae_lair_grove_arrangements, fungi_pond_lemuel
Lair:4:   layout_hall_layers
Lair:5:   minmay_lair_end_enchanted_forest, layout_cave_pods,
          dpeg_slime_entry_enclosed, serial_bayou_pond_d, grunt_megastairs_2,
          serial_bayou_shore_b, serial_bayou_shore_b, uniq_josephine
Orc:1:    layout_caves, trog_butcher_becter
Orc:2:    grunt_orc_community_town_hall, layout_caves,
          grunt_orc_community_big_house_2, grunt_orc_community_big_house_2,
          grunt_orc_community_house_1, grunt_orc_community_house_2,
          grunt_orc_community_house_1, grunt_orc_community_house_2

Skill      XL: |  1  2  3  4  5  6  7  8  9 10 11 12 13 14 15 16 |
---------------+-------------------------------------------------+-----
Stealth        | 2 3 4 5 |  5.0
Dodging        | 2 3 4 5 |  5.0
Fighting       | 1 2 3 4 5 6 8 9 10 11 12 | 12.8
Necromancy     | 5 6 7 8 10 11 12 13 14 | 14.5
Spellcasting   | 3 4 5 6 7 8 9 10 11 12 | 12.0
Hexes          | 2 4 5 6 |  6.0
Shields        | 3 5 |  5.0
Ice Magic      | 2 4 5 6 7 |  7.7
Polearms       | 2 4 5 7 8 |  8.8
Translocations | 2 3 |  3.0
Armour         | 1 4 5 |  5.0
Evocations     | 1 3 5 |  5.0
Earth Magic    | 2 5 7 |  7.0

Action                   |  1- 3 |  4- 6 |  7- 9 | 10-12 | 13-15 | 16-18 || total
-------------------------+-------+-------+-------+-------+-------+-------++-------
Melee: Whip              |    37 |       |       |       |       |       ||    37
       Flail             |       |    82 |   237 |   139 |       |       ||   458
       Punch             |       |     1 |     3 |     1 |       |       ||     5
       Staff             |       |       |       |    68 |       |       ||    68
       Lance             |       |       |       |   334 |  1158 |    38 ||  1530
Throw: Boomerang         |       |       |     2 |     3 |    14 |       ||    19
 Cast: Necrotise         |    59 |    47 |    65 |    22 |    18 |       ||   211
       Vampiric Draining |     2 |       |    43 |    59 |    65 |     2 ||   171
       Animate Dead      |       |     2 |     5 |     9 |    18 |       ||    34
       Anguish           |       |       |     4 |    44 |   100 |     2 ||   150
       Dispel Undead     |       |       |       |    22 |    29 |     3 ||    54
       Borgnjor's Vile C |       |       |       |       |    64 |     3 ||    67
       Sublimation of Bl |       |       |       |       |     5 |       ||     5
       Simulacrum        |       |       |       |       |     3 |       ||     3
Invok: Receive Forbidden |       |       |       |       |     1 |       ||     1
Evoke: Wand              |       |       |       |     1 |     1 |       ||     2
  Use: Scroll            |       |     4 |     6 |    14 |    11 |       ||    35
       Potion            |       |       |     1 |     1 |       |       ||     2
 Stab: Sleeping          |     1 |     5 |     2 |    11 |    14 |       ||    33
       Distracted        |       |       |       |     2 |    10 |       ||    12
Armor: Robe              |    15 |    37 |   133 |   235 |   405 |     9 ||   834
Dodge: Dodged            |    42 |    68 |   253 |   465 |   713 |    14 ||  1555
Block: Buckler           |       |       |       |   151 |   500 |    25 ||   676
       Reflection        |       |       |       |       |     7 |     1 ||     8
